 Dungeon Sprint DCSS version 0.30-a0-860-g512cf1e979 (webtiles) character file.

Game seed: 8919136101463114220

8112 rocky1 the Entrepreneur (level 20, -3/158 HPs)
             Began as a Gnoll Earth Elementalist on Mar 7, 2023.
             Was an Initiate of Gozag.
             Slain by a phantasmal warrior (27 damage)
             ... in the Dungeon (Sprint VI: "Thunderdome") on Mar 8, 2023.
             The game lasted 00:25:46 (2220 turns).

rocky1 the Entrepreneur (Gnoll Earth Elementalist)  Turns: 2220, Time: 00:25:47

Health: -3/158     AC: 17    Str: 13    XL:     20   Next: 83%
Magic:  4/38       EV: 25    Int: 23    God:    Gozag
Gold:   160        SH:  0    Dex: 15    Spells: 38/48 levels left

rFire   + + .      SeeInvis .    n - staff of earth
rCold   . . .      Faith    .    (no shield)
rNeg    + . .      Spirit   .    t - +1 robe of Anleu {Int-5 Slay+3 Stlth+ Archmagi}
rPois   +          Reflect  .    w - +1 helmet of Viluanuo {Will++ Str+4 Int+2}
rElec   +          Rampage  .    r - +1 cloak "Gopagiyx" {Int+2}
rCorr   .          Archmagi +    z - +5 pair of gloves "Roifrips" {rElec}
Will    ++...      NoTele   +    y - +0 pair of boots "Sischo Cioj" {rElec rN+ Int-2}
Stlth   +++++++                  q - amulet "Paikarph" {rPois Regen+}
HPRegen 1.26/turn                H - ring "Hujakk" {Wiz rElec rF+ Will+}
MPRegen 0.26/turn                F - ring "Poem" {rF+ EV+5 Int+3 Dex+3}

@: weak-willed
A: fangs 1, strong nose, distributed training
}: 2/15 runes: serpentine, gossamer
a: Renounce Religion, Potion Petition, Call Merchant, Bribe Branch


You were in the Dungeon.
You worshipped Gozag.
Gozag was aware of your devotion.
You visited 1 branch You collected 11704 gold pieces.
You spent 11544 gold pieces at shops.

Inventory:

Armour
 r - the +1 cloak "Gopagiyx" (worn) {Int+2}
   (You bought it in a shop in the Dungeon)

   Int:       It affects your intelligence (+2).
 t - the +1 robe of Anleu (worn) {Int-5 Slay+3 Stlth+ Archmagi}
   (You bought it in a shop in the Dungeon)

   Int:       It affects your intelligence (-5).
   Slay:      It affects your accuracy & damage with ranged weapons and melee
   (+3).
   Archmagi:  It increases the power of your magical spells.
   Stlth:     It makes you more stealthy.
 w - the +1 helmet of Viluanuo (worn) {Will++ Str+4 Int+2}
   (You bought it in a shop in the Dungeon)

   Str:       It affects your strength (+4).
   Int:       It affects your intelligence (+2).
   Will:      It greatly increases your willpower.
 y - the +0 pair of boots "Sischo Cioj" (worn) {rElec rN+ Int-2}
   (You bought it in a shop in the Dungeon)

   Int:       It affects your intelligence (-2).
   rElec:     It insulates you from electricity.
   rN:        It protects you from negative energy.
 z - the +5 pair of gloves "Roifrips" (worn) {rElec}
   (You bought it in a shop in the Dungeon)

   rElec:     It insulates you from electricity.
Magical Staves
 n - a staff of earth (weapon)
Jewellery
 q - the amulet "Paikarph" (around neck) {rPois Regen+}
   (You bought it in a shop in the Dungeon)

   [amulet of regeneration]

   rPois:     It protects you from poison.
   Regen:     It increases your rate of health regeneration.
 F - the ring "Poem" (right hand) {rF+ EV+5 Int+3 Dex+3}
   (You bought it in a shop in the Dungeon)

   [ring of evasion]

   EV:        It affects your evasion (+5).
   Int:       It affects your intelligence (+3).
   Dex:       It affects your dexterity (+3).
   rF:        It protects you from fire.
 G - the ring "Veintorph" {rC+ rN+}
   (You bought it in a shop in the Dungeon)

   [ring of protection from cold]

   rC:        It protects you from cold.
   rN:        It protects you from negative energy.
 H - the ring "Hujakk" (left hand) {Wiz rElec rF+ Will+}
   (You bought it in a shop in the Dungeon)

   [ring of wizardry]

   It improves your spell success rate.
   rF:        It protects you from fire.
   rElec:     It insulates you from electricity.
   Will:      It increases your willpower.
 J - the ring "Tatoepn" {rElec rC+ Will+ Dex+6 Slay+3}
   (You bought it in a shop in the Dungeon)

   [ring of dexterity]

   Dex:       It affects your dexterity (+6).
   Slay:      It affects your accuracy & damage with ranged weapons and melee
   (+3).
   rC:        It protects you from cold.
   rElec:     It insulates you from electricity.
   Will:      It increases your willpower.
Scrolls
 g - 3 scrolls of blinking
 k - 3 scrolls of fog
Potions
 a - 12 potions of curing
 b - 7 potions of mutation
 c - 19 potions of magic
 d - 37 potions of heal wounds
 e - 9 potions of haste
 f - a potion of berserk rage
 h - 7 potions of resistance


   Skills:
 + Level 13.8 Fighting
 + Level 13.8 Short Blades
 + Level 13.8 Long Blades
 + Level 13.8 Axes
 + Level 13.8 Maces & Flails
 + Level 13.8 Polearms
 + Level 13.8 Staves
 + Level 13.8 Ranged Weapons
 + Level 13.8 Throwing
 + Level 13.8 Armour
 + Level 14.5 Dodging
 + Level 14.4 Stealth
 + Level 13.8 Shields
 + Level 13.8 Unarmed Combat
 + Level 14.6 Spellcasting
 + Level 11.7 Conjurations
 + Level 11.7 Hexes
 + Level 11.7 Summonings
 + Level 11.7 Necromancy
 + Level 11.7 Translocations
 + Level 11.9 Transmutations
 + Level 11.7 Fire Magic
 + Level 11.7 Ice Magic
 + Level 11.7 Air Magic
 + Level 12.9 Earth Magic
 + Level 11.7 Poison Magic
 + Level 15.0 Invocations
 + Level 13.8 Evocations


You had 38 spell levels left.
You knew the following spells:

 Your Spells              Type           Power      Damage    Failure   Level
a - Sandblast             Erth           100%       2d20      0%          1
b - Stone Arrow           Conj/Erth      100%       3d13      1%          3
c - Iron Shot             Conj/Erth      52%        9d10      1%          6

Your spell library contained the following spells:

 Spells                   Type           Power      Damage    Failure   Level
 Passwall                 Tmut/Erth      87%        N/A       1%          2
 Petrify                  Tmut/Erth      100%       N/A       1%          4
 Iskenderun's Battlesphe  Conj           82%        2d13      1%          5
 Spellforged Servitor     Conj/Summ      41%        N/A       10%         7


Dungeon Overview and Level Annotations

Branches:
Dungeon (1/1)

Altars:
Cheibriados
Dithmenos
Fedhas
Gozag
Kikubaaqudgha
Makhleb
Okawaru
Qazlal
Ru
Sif Muna
Trog
Uskayaw
Vehumet
Wu Jian
Xom
Yredelemnul
Zin
The Shining One
Lugonu

Shops:
D [??*?*:[((!!!


Innate Abilities, Weirdness & Mutations

You have very sharp teeth.
Your uncanny sense of smell can sniff out nearby items.
Your experience applies equally to all skills.


Message History

The phantasmal warrior closely misses you.
The vampire knight draws life force from you.
The vampire knight is healed by the life force!
You hit the vampire knight but do no damage.
You shatter the vampire knight.
The vampire knight is severely damaged.
The phantasmal warrior hits you! The vampire knight misses you. x2
You hit the vampire knight! Your bite misses the vampire knight.
The vampire knight is severely damaged.
You hit the vampire knight.
The vampire knight is severely damaged.
The phantasmal warrior hits you!!
The vampire knight draws life force from you!
The vampire knight is healed by the life force!
You hit the vampire knight but do no damage.
You shatter the vampire knight.
The vampire knight is severely damaged.
You hit the vampire knight but do no damage.
The vampire knight is severely damaged.
The phantasmal warrior closely misses you.
The vampire knight mumbles some strange words.
The vampire knight seems to speed up.
You hit the vampire knight but do no damage.
The vampire knight is severely damaged. 20...
The vampire knight hits you with a +0 dire flail!!
* * * LOW HITPOINT WARNING * * *
The vampire knight bites you but does no damage.
The phantasmal warrior completely misses you.
Your magical contamination has completely faded away.
You hit the vampire knight but do no damage.
You shatter the vampire knight!
Your punch misses the vampire knight.
You bite the vampire knight, but do no damage.
The vampire knight is almost destroyed.
The vampire knight barely misses you. x2
You barely miss the vampire knight.
The vampire knight is almost destroyed.
The phantasmal warrior hits you!!
You die...
Your body crumbles into a pile of gold.

#⌠)....[...).⌠#
######.8.))......8.##
##..._).)[..###......_
###∩........8.# #[8.....
##.......)[..).###.......
#⌠....=.)...###...###....
#⌠.........)# #.<.# #.)..
#⌠......VW.)###...###....
##......@[)....###.......
###∩........8.# #.8.....
##∩___......###.[...._
######.8......)..8.##
#⌠.....))....⌠#
###.........###
#........_# #........_#
#_......._#


You could see a vampire knight (fast) and a phantasmal warrior.

Vanquished Creatures
  Nessos (D)
  2 eleionomae (D)
  A wolf spider (D)
  A naga warrior (D)
  Josephine (D)
  A jiangshi (D)
  3 hydras (D)
  A ghost crab (D)
  An alligator (D)
  A dancing weapon (D)
  A vampire mage (D)
  A deep elf knight (D)
  An iron troll (D)
  A deep troll (D)
  2 swamp dragons (D)
  3 phantasmal warriors (D)
  2 deep elf zephyrmancers (D)
  3 deep elf pyromancers (D)
  A will-o-the-wisp (D)
  4 red devils (D)
  5 trolls (D)
  A hellwing (D)
  An air elemental (D)
  A slime creature (D)
  2 fire elementals (D)
  2 steam dragons (D)
  A neqoxec (D)
  2 chaos spawn (D)
  2 golden eyes (D)
  3 floating eyes (D)
  2 sky beasts (D)
  6 centaurs (D)
  A phantom (D)
  3 necrophages (D)
  2 jellies (D)
  7 orc priests (D)
  Crazy Yiuf (D)
  A lightning spire (D)
  4 gnolls (D)
  A ball python skeleton (D)
  A quokka zombie (D)
81 creatures vanquished.

Vanquished Creatures (others)
  A swamp dragon (D)
  A bloated husk (D)
  4 foxfires (D)
6 creatures vanquished.

Grand Total: 87 creatures vanquished

Notes
Turn   | Place    | Note
-------+----------+-------------------------------------------
     0 | D        | rocky1 the Gnoll Earth Elementalist began the quest for the
                  | Orb.
     0 | D        | Reached XP level 1. HP: 13/13 MP: 6/6
     3 | D        | Found a shimmering blue altar of Sif Muna.
     3 | D        | Found a corrupted altar of Lugonu.
     4 | D        | Found an ancient bone altar of Kikubaaqudgha.
     5 | D        | Found a sacrificial altar of Ru.
     5 | D        | Found a radiant altar of Vehumet.
     5 | D        | Round 1.
     6 | D        | Found Teggonew's Weapon Rack.
     6 | D        | Found Riuheeb's Premium Goods.
     7 | D        | Found Baxeodex's Basic Armour.
     7 | D        | Found Luewk's Miscellaneous Merchandise.
     9 | D        | Found a burning altar of Makhleb.
    10 | D        | Found an ornate altar of the Wu Jian Council.
    11 | D        | Found a bloodstained altar of Trog.
    12 | D        | Found Muel's Identification Station.
    12 | D        | Found a hide-covered altar of Uskayaw.
    13 | D        | Found Gakhar's Advanced Armour.
    13 | D        | Found Noamma's Jewellery.
    16 | D        | Found a glowing silver altar of Zin.
    17 | D        | Found a glowing golden altar of the Shining One.
    18 | D        | Found a shadowy altar of Dithmenos.
    19 | D        | Found a blossoming altar of Fedhas.
    19 | D        | Found a stormy altar of Qazlal.
    19 | D        | Found a shimmering altar of Xom.
    19 | D        | Found Amaeps's Magic Scroll Shop.
    19 | D        | Found Nokhuc's Staff Store.
    23 | D        | Reached skill level 1 in Fighting
    23 | D        | Reached skill level 1 in Short Blades
    23 | D        | Reached skill level 1 in Long Blades
    23 | D        | Reached skill level 1 in Axes
    23 | D        | Reached skill level 1 in Maces & Flails
    23 | D        | Reached skill level 1 in Polearms
    23 | D        | Reached skill level 1 in Staves
    23 | D        | Reached skill level 1 in Ranged Weapons
    23 | D        | Reached skill level 1 in Throwing
    23 | D        | Reached skill level 1 in Armour
    23 | D        | Reached skill level 1 in Shields
    23 | D        | Reached skill level 1 in Unarmed Combat
    23 | D        | Reached skill level 5 in Spellcasting
    23 | D        | Reached skill level 1 in Conjurations
    23 | D        | Reached skill level 1 in Hexes
    23 | D        | Reached skill level 1 in Summonings
    23 | D        | Reached skill level 1 in Necromancy
    23 | D        | Reached skill level 1 in Translocations
    23 | D        | Reached skill level 1 in Fire Magic
    23 | D        | Reached skill level 1 in Ice Magic
    23 | D        | Reached skill level 1 in Air Magic
    23 | D        | Reached skill level 1 in Poison Magic
    23 | D        | Reached skill level 1 in Invocations
    23 | D        | Reached skill level 1 in Evocations
    23 | D        | Reached XP level 2. HP: 21/21 MP: 4/8
    23 | D        | Found Wezxuuc's Magic Scroll Shop.
    23 | D        | Found Dack's Must-Have Magic.
    27 | D        | Found a basalt altar of Yredelemnul.
    28 | D        | Found an iron altar of Okawaru.
    29 | D        | Found an opulent altar of Gozag.
    30 | D        | Found Jubacuim's Distillery.
    31 | D        | Found Woamoid's Distillery.
    31 | D        | Found Ison's Bottled Wisdom.
    37 | D        | Became a worshipper of Gozag Ym Sagoz the Greedy
    38 | D        | Found a snail-covered altar of Cheibriados.
    38 | D        | Found Reurhoq's Do-It-Yourself Clinic.
    46 | D        | Noticed Crazy Yiuf
    50 | D        | Killed Crazy Yiuf
    51 | D        | Reached skill level 5 in Dodging
    51 | D        | Reached skill level 2 in Invocations
    51 | D        | Reached XP level 3. HP: 27/27 MP: 4/9
    97 | D        | Reached XP level 4. HP: 34/34 MP: 6/11
   117 | D        | Arena points: 12 (+12) [x2]
   118 | D        | Reached skill level 5 in Stealth
   142 | D        | Bought a scorched granite ring for 45 gold pieces
   142 | D        | Identified the ring of Kennig {*Slow rElec rF+ Dex+6} (You
                  | bought it in a shop in the Dungeon)
   142 | D        | Bought an ancient zirconium amulet for 45 gold pieces
   142 | D        | Identified the amulet "Dumyxor" {Faith Stlth+} (You bought
                  | it in a shop in the Dungeon)
   142 | D        | Bought a pitted platinum ring for 45 gold pieces
   142 | D        | Identified the ring "Hinueduo" {Int+2 Dex+6} (You bought it
                  | in a shop in the Dungeon)
   142 | D        | Bought a translucent ruby amulet for 45 gold pieces
   142 | D        | Identified the amulet "Ymakuzad" {Faith Rampage rCorr} (You
                  | bought it in a shop in the Dungeon)
   142 | D        | Bought a crude silver amulet for 45 gold pieces
   142 | D        | Identified the amulet "Paikarph" {rPois Regen+} (You bought
                  | it in a shop in the Dungeon)
   142 | D        | Bought a faintly glowing lead amulet for 45 gold pieces
   142 | D        | Identified the amulet "Guleora" {Spirit Int+2 Stlth+} (You
                  | bought it in a shop in the Dungeon)
   142 | D        | Bought a scorched marble ring for 45 gold pieces
   142 | D        | Identified the ring "Xapre" {Fly rCorr Int+3} (You bought
                  | it in a shop in the Dungeon)
   142 | D        | Round 2.
   153 | D        | Learned a level 3 spell: Stone Arrow
   187 | D        | Noticed a necrophage
   193 | D        | Killed a necrophage
   194 | D        | Reached skill level 3 in Invocations
   194 | D        | Reached XP level 5. HP: 41/41 MP: 6/13
   207 | D        | Reached skill level 4 in Invocations
   220 | D        | Reached XP level 6. HP: 49/49 MP: 1/15
   256 | D        | Reached skill level 5 in Invocations
   256 | D        | Arena points: 54 (+42) [x3]
   323 | D        | Round 3.
   328 | D        | Noticed a steam dragon
   339 | D        | Noticed a sky beast
   339 | D        | Killed a steam dragon
   340 | D        | Reached skill level 5 in Fighting
   340 | D        | Reached skill level 5 in Short Blades
   340 | D        | Reached skill level 5 in Long Blades
   340 | D        | Reached skill level 5 in Axes
   340 | D        | Reached skill level 5 in Maces & Flails
   340 | D        | Reached skill level 5 in Polearms
   340 | D        | Reached skill level 5 in Staves
   340 | D        | Reached skill level 5 in Ranged Weapons
   340 | D        | Reached skill level 5 in Throwing
   340 | D        | Reached skill level 5 in Armour
   340 | D        | Reached skill level 5 in Shields
   340 | D        | Reached skill level 5 in Unarmed Combat
   340 | D        | Reached skill level 5 in Evocations
   340 | D        | Reached XP level 7. HP: 48/56 MP: 10/17
   348 | D        | Reached skill level 5 in Transmutations
   348 | D        | Reached skill level 6 in Invocations
   409 | D        | Noticed a steam dragon
   415 | D        | Killed a steam dragon
   416 | D        | Reached skill level 5 in Conjurations
   416 | D        | Reached skill level 5 in Hexes
   416 | D        | Reached skill level 5 in Summonings
   416 | D        | Reached skill level 5 in Necromancy
   416 | D        | Reached skill level 5 in Translocations
   416 | D        | Reached skill level 5 in Fire Magic
   416 | D        | Reached skill level 5 in Ice Magic
   416 | D        | Reached skill level 5 in Air Magic
   416 | D        | Reached skill level 5 in Poison Magic
   423 | D        | Noticed an air elemental
   425 | D        | Paralysed by an air elemental for 1 turns
   426 | D        | Killed an air elemental
   426 | D        | Arena points: 138 (+84) [x4]
   427 | D        | Reached skill level 7 in Invocations
   427 | D        | Reached XP level 8. HP: 24/65 MP: 3/20
   492 | D        | Round 4.
   497 | D        | Bought 3 potions of experience for 900 gold pieces
   497 | D        | Bought a potion of experience for 300 gold pieces
   497 | D        | Reached XP level 9. HP: 72/72 MP: 15/21
   498 | D        | Reached skill level 8 in Invocations
   498 | D        | Reached XP level 10. HP: 79/79 MP: 15/23
   499 | D        | Reached XP level 11. HP: 86/86 MP: 16/24
   500 | D        | Reached skill level 10 in Spellcasting
   500 | D        | Reached skill level 9 in Invocations
   500 | D        | Reached XP level 12. HP: 94/94 MP: 16/26
   610 | D        | Arena points: 298 (+160) [x5]
   661 | D        | Bought a slimy robe for 199 gold pieces
   661 | D        | Identified the +1 robe of Anleu {Int-5 Slay+3 Stlth+
                  | Archmagi} (You bought it in a shop in the Dungeon)
   661 | D        | Bought a faintly glowing animal skin for 185 gold pieces
   661 | D        | Identified the +0 animal skin "Hoetsaj" {Harm +Blink rPois
                  | Str-3} (You bought it in a shop in the Dungeon)
   661 | D        | Bought a twisted hat for 315 gold pieces
   661 | D        | Identified the +1 hat of Zin, Howling {Harm rPois Regen+
                  | Stlth+} (You bought it in a shop in the Dungeon)
   685 | D        | Round 5.
   688 | D        | Noticed a naga warlord
   696 | D        | Killed a naga warlord
   696 | D        | Arena points: 543 (+245) [x7]
   697 | D        | Reached skill level 10 in Dodging
   697 | D        | Reached skill level 10 in Stealth
   702 | D        | Got a serpentine rune of Zot
   704 | D        | Reached skill level 10 in Invocations
   704 | D        | Reached XP level 13. HP: 101/101 MP: 7/27
   815 | D        | Bought a potion of experience for 300 gold pieces
   815 | D        | Reached XP level 14. HP: 108/108 MP: 28/28
   878 | D        | Round 6.
   886 | D        | Paralysed by a floating eye for 2 turns
   930 | D        | Paralysed by a floating eye for 4 turns
   972 | D        | Reached skill level 10 in Earth Magic
  1024 | D        | Arena points: 975 (+432) [x8]
  1040 | D        | Round 7.
  1119 | D        | Reached skill level 10 in Fighting
  1119 | D        | Reached skill level 10 in Short Blades
  1119 | D        | Reached skill level 10 in Long Blades
  1119 | D        | Reached skill level 10 in Axes
  1119 | D        | Reached skill level 10 in Maces & Flails
  1119 | D        | Reached skill level 10 in Polearms
  1119 | D        | Reached skill level 10 in Staves
  1119 | D        | Reached skill level 10 in Ranged Weapons
  1119 | D        | Reached skill level 10 in Throwing
  1119 | D        | Reached skill level 10 in Armour
  1119 | D        | Reached skill level 10 in Shields
  1119 | D        | Reached skill level 10 in Unarmed Combat
  1119 | D        | Reached skill level 10 in Evocations
  1155 | D        | Noticed Nessos
  1164 | D        | Killed Nessos
  1165 | D        | Reached skill level 11 in Invocations
  1166 | D        | Arena points: 1479 (+504) [x9]
  1234 | D        | Round 8.
  1301 | D        | Arena points: 2119 (+640) [x10]
  1316 | D        | Round 9.
  1321 | D        | Bought a potion of mutation for 56 gold pieces
  1321 | D        | Bought 6 potions of magic for 336 gold pieces
  1321 | D        | Bought 6 potions of magic for 336 gold pieces
  1321 | D        | Bought 6 potions of resistance for 420 gold pieces
  1321 | D        | Bought 3 potions of mutation for 168 gold pieces
  1321 | D        | Bought 2 potions of mutation for 112 gold pieces
  1321 | D        | Bought a potion of mutation for 56 gold pieces
  1321 | D        | Bought 5 potions of haste for 350 gold pieces
  1348 | D        | Bought a book of Power for 294 gold pieces
  1355 | D        | Learned a level 6 spell: Iron Shot
  1390 | D        | Reached skill level 12 in Invocations
  1431 | D        | Arena points: 3010 (+891) [x11]
  1446 | D        | Round 10.
  1472 | D        | Identified the +7 scale mail of the Realm of Zot {rF+
                  | Slay+2} (You found it in the Dungeon)
  1472 | D        | Arena points: 4310 (+1300) [x13]
  1476 | D        | Got a gossamer rune of Zot
  1477 | D        | Reached XP level 15. HP: 64/119 MP: 3/31
  1492 | D        | Bought a twisted robe for 199 gold pieces
  1492 | D        | Identified the +2 robe of the Lumpy Ships {rElec} (You
                  | bought it in a shop in the Dungeon)
  1492 | D        | Bought a fine cloak for 332 gold pieces
  1492 | D        | Identified the +1 cloak "Gopagiyx" {Int+2} (You bought it
                  | in a shop in the Dungeon)
  1492 | D        | Bought a spiked cloak for 332 gold pieces
  1492 | D        | Identified the +0 cloak of the Untouchables {Harm rElec
                  | Will+ Dex+5} (You bought it in a shop in the Dungeon)
  1492 | D        | Bought a bloodstained helmet for 332 gold pieces
  1492 | D        | Identified the +1 helmet of Viluanuo {Will++ Str+4 Int+2}
                  | (You bought it in a shop in the Dungeon)
  1492 | D        | Bought a pair of faintly humming boots for 332 gold pieces
  1492 | D        | Identified the +0 pair of boots "Cunegom" {rElec} (You
                  | bought it in a shop in the Dungeon)
  1492 | D        | Bought a pair of warped boots for 332 gold pieces
  1492 | D        | Identified the +0 pair of boots "Sischo Cioj" {rElec rN+
                  | Int-2} (You bought it in a shop in the Dungeon)
  1492 | D        | Bought a pair of jewelled gloves for 332 gold pieces
  1492 | D        | Identified the +5 pair of gloves "Roifrips" {rElec} (You
                  | bought it in a shop in the Dungeon)
  1492 | D        | Bought a pair of jewelled gloves for 332 gold pieces
  1492 | D        | Identified the +1 pair of gloves of Wiwyzef {Dex+2} (You
                  | bought it in a shop in the Dungeon)
  1494 | D        | Bought a steaming leather armour for 245 gold pieces
  1494 | D        | Identified the +1 leather armour of Refuge {Str+5 Int+3}
                  | (You bought it in a shop in the Dungeon)
  1520 | D        | Bought a twitching silver ring for 45 gold pieces
  1520 | D        | Identified the ring of the Hurting Hero {Fly Int+6} (You
                  | bought it in a shop in the Dungeon)
  1520 | D        | Bought a fine brass ring for 45 gold pieces
  1520 | D        | Identified the ring "Wuzun" {+Blink Fly Will+} (You bought
                  | it in a shop in the Dungeon)
  1520 | D        | Bought a glittering iron ring for 45 gold pieces
  1520 | D        | Identified the ring "Odic" {*Slow rN+++ Dex-4 SInv} (You
                  | bought it in a shop in the Dungeon)
  1520 | D        | Bought a faintly glowing silver ring for 45 gold pieces
  1520 | D        | Identified the ring "Poem" {rF+ EV+5 Int+3 Dex+3} (You
                  | bought it in a shop in the Dungeon)
  1520 | D        | Bought a translucent glass ring for 45 gold pieces
  1520 | D        | Identified the ring "Veintorph" {rC+ rN+} (You bought it in
                  | a shop in the Dungeon)
  1520 | D        | Bought a twitching jade ring for 45 gold pieces
  1520 | D        | Identified the ring "Hujakk" {Wiz rElec rF+ Will+} (You
                  | bought it in a shop in the Dungeon)
  1520 | D        | Bought a twitching amber ring for 45 gold pieces
  1520 | D        | Identified the ring of Panentheism {rElec rPois Str+6 SInv}
                  | (You bought it in a shop in the Dungeon)
  1520 | D        | Bought a shimmering platinum ring for 45 gold pieces
  1520 | D        | Identified the ring "Tatoepn" {rElec rC+ Will+ Dex+6
                  | Slay+3} (You bought it in a shop in the Dungeon)
  1520 | D        | Bought a brightly glowing golden ring for 45 gold pieces
  1520 | D        | Identified the ring of Mez Haf {Drain rF+ Will+ Str+6
                  | Stlth+} (You bought it in a shop in the Dungeon)
  1520 | D        | Bought a sparkling iron ring for 45 gold pieces
  1520 | D        | Identified the ring of Enkutz {Will+ Dex+2} (You bought it
                  | in a shop in the Dungeon)
  1651 | D        | Round 11.
  1652 | D        | Bought 4 potions of curing for 84 gold pieces
  1652 | D        | Bought 3 potions of heal wounds for 105 gold pieces
  1674 | D        | Reached skill level 10 in Transmutations
  1742 | D        | Reached skill level 10 in Conjurations
  1742 | D        | Reached skill level 10 in Hexes
  1742 | D        | Reached skill level 10 in Summonings
  1742 | D        | Reached skill level 10 in Necromancy
  1742 | D        | Reached skill level 10 in Translocations
  1742 | D        | Reached skill level 10 in Fire Magic
  1742 | D        | Reached skill level 10 in Ice Magic
  1742 | D        | Reached skill level 10 in Air Magic
  1742 | D        | Reached skill level 10 in Poison Magic
  1762 | D        | Reached skill level 13 in Invocations
  1790 | D        | Arena points: 6312 (+2002) [x14]
  1856 | D        | Round 12.
  1884 | D        | Bought 3 potions of experience for 900 gold pieces
  1884 | D        | Bought 2 potions of experience for 600 gold pieces
  1885 | D        | Reached XP level 16. HP: 129/129 MP: 15/33
  1886 | D        | Reached XP level 17. HP: 135/135 MP: 15/34
  1887 | D        | Reached XP level 18. HP: 142/142 MP: 15/35
  1888 | D        | Reached skill level 14 in Invocations
  1888 | D        | Reached XP level 19. HP: 149/149 MP: 15/36
  1889 | D        | Reached XP level 20. HP: 156/156 MP: 15/38
  1901 | D        | Bought 6 potions of magic for 336 gold pieces
  1901 | D        | Bought 6 potions of magic for 336 gold pieces
  2005 | D        | Arena points: 8112 (+1800) [x15]
  2062 | D        | Round 13.
  2142 | D        | Bought 4 potions of curing for 84 gold pieces
  2142 | D        | Bought 4 potions of curing for 84 gold pieces
  2142 | D        | Bought 3 potions of heal wounds for 105 gold pieces
  2142 | D        | Bought 3 potions of heal wounds for 105 gold pieces
  2142 | D        | Bought 3 potions of heal wounds for 105 gold pieces
  2142 | D        | Bought 3 potions of heal wounds for 105 gold pieces
  2142 | D        | Bought 3 potions of heal wounds for 105 gold pieces
  2142 | D        | Bought 3 potions of heal wounds for 105 gold pieces
  2142 | D        | Bought 3 potions of heal wounds for 105 gold pieces
  2142 | D        | Bought 3 potions of heal wounds for 105 gold pieces
  2142 | D        | Bought 3 potions of heal wounds for 105 gold pieces
  2142 | D        | Bought 3 potions of heal wounds for 105 gold pieces
  2142 | D        | Bought 3 potions of heal wounds for 105 gold pieces
  2177 | D        | Noticed Josephine
  2182 | D        | Killed Josephine
  2190 | D        | Reached skill level 15 in Invocations
  2220 | D        | Slain by a phantasmal warrior

Illustrated notes

Levels and vault maps discovered:
D:        arena_sprint

Skill      XL: |  1  2  3  4  5  6  7  8  9 10 11 12 13 14 15 16 17 18 19 20 |
---------------+-------------------------------------------------------------+-----
Fighting       | 1 2 3 4 5 6 7 8 9 11 12 13 | 13.8
Short Blades   | 1 2 3 4 5 6 7 8 9 11 12 13 | 13.8
Long Blades    | 1 2 3 4 5 6 7 8 9 11 12 13 | 13.8
Axes           | 1 2 3 4 5 6 7 8 9 11 12 13 | 13.8
Maces & Flails | 1 2 3 4 5 6 7 8 9 11 12 13 | 13.8
Polearms       | 1 2 3 4 5 6 7 8 9 11 12 13 | 13.8
Staves         | 1 2 3 4 5 6 7 8 9 11 12 13 | 13.8
Ranged Weapons | 1 2 3 4 5 6 7 8 9 11 12 13 | 13.8
Throwing       | 1 2 3 4 5 6 7 8 9 11 12 13 | 13.8
Armour         | 1 2 3 4 5 6 7 8 9 11 12 13 | 13.8
Shields        | 1 2 3 4 5 6 7 8 9 11 12 13 | 13.8
Unarmed Combat | 1 2 3 4 5 6 7 8 9 11 12 13 | 13.8
Spellcasting   | 5 6 7 8 9 10 12 13 14 | 14.6
Conjurations   | 1 2 3 4 5 6 7 8 9 10 11 | 11.7
Hexes          | 1 2 3 4 5 6 7 8 9 10 11 | 11.7
Summonings     | 1 2 3 4 5 6 7 8 9 10 11 | 11.7
Necromancy     | 1 2 3 4 5 6 7 8 9 10 11 | 11.7
Translocations | 1 2 3 4 5 6 7 8 9 10 11 | 11.7
Transmutations | 2 3 4 5 6 7 8 9 10 11 | 11.9
Fire Magic     | 1 2 3 4 5 6 7 8 9 10 11 | 11.7
Ice Magic      | 1 2 3 4 5 6 7 8 9 10 11 | 11.7
Air Magic      | 1 2 3 4 5 6 7 8 9 10 11 | 11.7
Poison Magic   | 1 2 3 4 5 6 7 8 9 10 11 | 11.7
Invocations    | 1 2 3 4 5 7 8 9 10 12 13 14 15 | 15.0
Evocations     | 1 2 3 4 5 6 7 8 9 11 12 13 | 13.8
Dodging        | 5 6 7 8 9 10 12 13 14 | 14.5
Stealth        | 5 6 7 8 9 10 12 13 14 | 14.4
Earth Magic    | 6 7 8 9 11 12 | 12.9

Action                     |  1- 3 |  4- 6 |  7- 9 | 10-12 | 13-15 | 16-18 | 19-21 || total
---------------------------+-------+-------+-------+-------+-------+-------+-------++-------
  Melee: Unarmed           |       |       |     1 |       |       |       |       ||     1
         Staff             |       |       |       |       |    66 |       |    66 ||   132
         Bite              |       |       |       |       |    15 |       |    12 ||    27
         Punch             |       |       |       |       |    10 |       |    14 ||    24
   Cast: Sandblast         |     9 |    25 |    23 |    13 |       |       |       ||    70
         Stone Arrow       |       |       |       |     7 |    85 |       |    21 ||   113
         Iron Shot         |       |       |       |       |    14 |       |     7 ||    21
  Evoke: Wand              |     1 |       |     1 |       |     8 |       |       ||    10
    Use: Potion            |       |       |     2 |     3 |    12 |     3 |     5 ||    25
         Scroll            |       |       |       |       |     1 |       |       ||     1
   Stab: Distracted        |       |       |       |       |     1 |       |       ||     1
 Armour: Robe              |       |     2 |     4 |     1 |    22 |       |    12 ||    41
  Dodge: Dodged            |     1 |    13 |    16 |     3 |   107 |       |    47 ||   187

Table legend: (Time is in decaauts)
 A = Elapsed time spent in this place.
 B = Non-inter-level travel time spent in this place.
 C = Inter-level travel time spent in this place.
 D = Time resting spent in this place.
 E = Time spent auto-exploring this place.
 F = Levels seen in this place.
 G = Mean time per level.
                   A        B        C        D        E       F      G
               +--------+--------+--------+--------+--------+-----+--------+
         Total |   2206 |   2197 |      9 |    776 |      0 |   1 | 2206.0 |
       Dungeon |   2206 |   2197 |      9 |    776 |      0 |   1 | 2206.0 |
               +--------+--------+--------+--------+--------+-----+--------+

Top non-repeatable levels by time:
       D: 2206 daAuts
